Map: Wolfe Industries Compound

Players

Elunakai

  • Race: Protoss Protoss
  • League: Bronze
  • Spawn Location: 7:00

afk

  • Race: Protoss Protoss
  • Spawn Location: 7:00

CIarkness - Winner!

  • Race: Protoss Protoss
  • League: Silver
  • Spawn Location: 12:00

Nightfinder - Winner!

  • Race: Zerg Zerg
  • League: Silver
  • Spawn Location: 3:00

VOD

Have the link to the VOD?

Description

Time

  • Played on: March 7, 2016, 8:48 p.m.
  • Length: 4:01
Show
View Real Time Build Order
Export as new Build Order

Elunakai Protoss 

Build Orders:  

Get SALT Encoding   

  12  0:02  Probe (Chrono Boost)  
  13  0:12  Probe (Chrono Boost)  
  14  0:23  Probe (Chrono Boost)  
  15  0:29  Pylon  
  15  0:34  Assimilator  
  16  0:50  Probe (Chrono Boost)  
  16  0:52  Gateway  
  16  1:00  Probe (Chrono Boost)  
  17  1:11  Probe (Chrono Boost)  
  18  1:21  Probe (Chrono Boost)  
  18  1:22  Forge  
  19  1:34  Pylon  
  19  1:40  Pylon  
  19  1:45  Cybernetics Core  
  19  1:46  Zealot  
  21  2:41  Gateway  
  21  2:46  Gateway  
  21  3:08  Nexus  
  19  3:16  Zealot (Chrono Boost)  
Show
View Real Time Build Order
Export as new Build Order

afk Protoss 

Build Orders:  

Get SALT Encoding   

  12  0:56  Probe (Chrono Boost)  
  13  1:05  Assimilator  
  13  1:06  Probe (Chrono Boost)  
  14  1:11  Assimilator  
  14  1:16  Pylon  
  14  1:17  Probe (Chrono Boost)  
  15  1:18  Pylon  
  15  1:23  Pylon  
  15  1:34  Probe (Chrono Boost)  
  15  1:37  Gateway  
  16  1:45  Probe (Chrono Boost)  
  17  1:49  Gateway  
  17  1:52  Gateway  
  17  1:56  Probe (Chrono Boost)  
  18  2:07  Probe (Chrono Boost)  
  19  2:17  Probe (Chrono Boost)  
  19  2:19  Pylon  
  20  2:22  Forge  
  20  2:50  Zealot  
  6  3:01  Probe (Chrono Boost)  
  5  3:12  Probe (Chrono Boost)  
  6  3:17  Zealot  
  8  3:22  Probe (Chrono Boost)  
  11  3:48  Probe (Chrono Boost)  
Show
View Real Time Build Order
Export as new Build Order

CIarkness Protoss - Winner!

Build Orders: 1 Gate Expand 

Get SALT Encoding   

  12  0:01  Probe (Chrono Boost)  
  13  0:11  Probe (Chrono Boost)  
  14  0:21  Pylon  
  14  0:23  Probe (Chrono Boost)  
  15  0:39  Gateway  
  15  0:44  Assimilator, Probe (Chrono Boost)  
  16  0:55  Probe (Chrono Boost)  
  17  1:05  Probe (Chrono Boost)  
  18  1:16  Probe (Chrono Boost)  
  19  1:36  Cybernetics Core  
  19  1:40  Nexus  
  19  1:42  Probe (Chrono Boost)  
  19  1:46  Assimilator  
  20  1:53  Probe (Chrono Boost)  
  21  2:03  Probe (Chrono Boost)  
  22  2:14  Probe (Chrono Boost)  
  23  2:21  Pylon  
  23  2:31  Robotics Facility  
  23  2:39  Mothership Core (Chrono Boost)  
  25  2:46  Zealot (Chrono Boost)  
  27  3:00  Pylon  
  27  3:03  Pylon  
  27  3:08  Probe  
  27  3:10  Zealot (Chrono Boost)  
  30  3:16  Probe  
  30  3:18  Probe  
  31  3:24  Observer  
  33  3:28  Probe  
  34  3:34  Pylon  
  34  3:37  Forge  
  34  3:45  Robotics Facility  
Show
View Real Time Build Order
Export as new Build Order

Nightfinder Zerg - Winner!

Build Orders: Pool First 

Get SALT Encoding   

  12  0:01  Drone  
  13  0:13  Overlord  
  13  0:24  Drone  
  14  0:33  Drone  
  14  0:34  Drone  
  16  0:35  Drone  
  17  0:49  Spawning Pool  
  16  1:12  Drone  
  16  1:14  Hatchery  
  16  1:35  Queen  
  16  1:37  Zergling x6  
  21  1:48  Overlord  
  21  2:15  Hatchery  
  21  2:20  Queen  
  21  2:22  Drone x3  
  25  2:25  Extractor  
  24  2:45  Zergling x2  
  24  2:46  Zergling x10  
  28  3:22  Zergling x2  
  28  3:23  Zergling x10  
Tags
 
Add a new tag
Caveats
  • Supply blocks, unpowered buildings, or Contaminate may cause inaccurate times.
  • Supply counts are checked every 10 seconds.